 Dungeon Crawl Stone Soup version 0.30-a0-881-g1ff12e1e11 (webtiles) character file.

Game seed: 1843766110607902536

2105 domi the Destroyer (level 9, -4/57 HPs)
             Began as a Demonspawn Conjurer on Mar 14, 2023.
             Slain by Maggie
             ... wielding a +0 glaive of flaming
              (12 damage)
             ... on level 6 of the Dungeon.
             The game lasted 00:13:32 (6541 turns).

domi the Destroyer (Demonspawn Conjurer)            Turns: 6541, Time: 00:13:33

Health: -4/57      AC:  8    Str:  9    XL:     9   Next: 7%
Magic:  0/12       EV: 11    Int: 23    God:
Gold:   298        SH:  4    Dex: 11    Spells: 1/12 levels left

rFire   . . .      SeeInvis .    x - +2 dagger (venom)
rCold   . . .      Faith    .    l - +0 buckler
rNeg    . . .      Spirit   +    w - +2 robe {Will+}
rPois   .          Reflect  .    (no helmet)
rElec   .          Rampage  .    (no cloak)
rCorr   .                        f - +0 pair of gloves
Will    +....                    h - +1 pair of boots
Stlth   ++                       (no amulet)
HPRegen 0.29/turn                (no ring)
MPRegen 0.26/turn                (no ring)

@: no status effects
A: claws 1, magic shield, magic regeneration, sharp scales 1
a: no special abilities


You were on level 6 of the Dungeon.
You visited 1 branch of the dungeon, and saw 6 of its levels.
You also visited: Sewer.

You collected 298 gold pieces.

Inventory:

Hand Weapons
 k - a +1 dagger of freezing
   (You took it off Jessica on level 2 of the Dungeon)
 x - a +2 dagger of venom (weapon)
   (You took it off an orc wizard on level 4 of the Dungeon)
Armour
 a - a +0 robe
 f - a +0 pair of gloves (worn)
   (You found it on level 1 of the Dungeon)
 h - a +1 pair of boots (worn)
   (You found it on level 2 of the Dungeon)
 l - a +0 buckler (worn)
   (You found it on level 2 of the Dungeon)
 w - a +2 robe of willpower (worn)
   (You took it off Sigmund on level 4 of the Dungeon)
Magical Staves
 c - a staff of death {rN+}
   (You found it on level 5 of the Dungeon)
 y - a staff of air {rElec}
   (You found it on level 6 of the Dungeon)
Wands
 n - a wand of mindburst (25)
   (You found it on level 3 of the Dungeon)
Scrolls
 b - 2 scrolls of identify {@r1}
 d - a scroll of noise {unknown}
 e - a scroll of blinking {unknown}
 g - 5 scrolls of fear
 j - 3 scrolls of poison {!r}
 o - 3 scrolls of teleportation {@r4}
Potions
 i - 3 potions of curing {@q1}
 p - a potion of heal wounds {unknown}
 q - a potion of flight
 r - a potion of brilliance
 s - a potion of mutation {unknown}
 t - a potion of berserk rage {unknown}
 u - a potion of degeneration {!q}
 v - a potion of attraction {!q}
 z - a potion of cancellation {unknown}


   Skills:
 - Level 1.7 Dodging
 - Level 1.7 Stealth
 - Level 4.0 Shields
 - Level 2.0 Spellcasting
 - Level 8.0 Conjurations
 + Level 5.1 Hexes
 + Level 6.1 Translocations


You had one spell level left.
You knew the following spells:

 Your Spells              Type           Power      Damage    Failure   Level
c - Iskenderun's Mystic   Conj/Tloc      34%        2d8       9%          4
x - Searing Ray           Conj           78%        2d7       1%          2
z - Magic Dart            Conj           100%       1d8       1%          1
Z - Fulminant Prism       Conj/Hex       16%        3d10      11%         4

Your spell library contained the following spells:

 Spells                   Type           Power      Damage    Failure   Level
 Lesser Beckoning         Tloc           60%        N/A       1%          2
 Dazzling Flash           Conj/Hex       64%        N/A       3%          3
 Gell's Gravitas          Tloc           30%        N/A       4%          3
 Portal Projectile        Hex/Tloc       56%        N/A       4%          3
 Teleport Other           Tloc           30%        N/A       4%          3
 Tukima's Dance           Hex            25%        N/A       6%          3
 Kindle Blastsparks       Fire/Tloc/Air  22%        2d11      22%         3
 Blade Hands              Tmut           1%         N/A       99%         5
 Lee's Rapid Deconstruct  Erth           1%         3d4*      99%         5
 Chain Lightning          Conj/Air       10%        3d13      100%        9
 Fire Storm               Conj/Fire      10%        8d3       100%        9
 Shatter                  Erth           1%         3d5*      100%        9


Dungeon Overview and Level Annotations

Branches:
Dungeon (6/15)              Sewer (visited)
 Temple: D:4-7

Altars:
Hepliaklqana
Makhleb
Nemelex Xobeh
Ru
Vehumet
Wu Jian

Shops:
D:4 ?   D:6 *

Annotations:
D:6 Maggie


Innate Abilities, Weirdness & Mutations

You have sharp fingernails.
When hurt, damage is shared between your health and your magic reserves.
You regenerate magic rapidly.
You are partially covered in razor-sharp scales. (AC +1, Slay +1)


Message History

The magic dart hits the adder.
The adder misses you. The adder barely misses you.
Aim: an adder (severely wounded, 100% to hit)
The magic dart hits the adder.
The adder bites you but does no damage.
Aim: an adder (almost dead, 100% to hit)
You miscast Magic Dart.
You are very lightly contaminated with residual magic.
Nothing appears to happen.
The adder bites you but does no damage.
Aim: an adder (severely wounded, 100% to hit)
The magic dart hits the adder.
You kill the adder!
You can't see any susceptible monsters within range! (Use Z to cast anyway.)
Your magical contamination has completely faded away.
Maggie the Vainglorious comes into view.
She is wielding a +0 glaive of flaming and carrying a wand of roots (13).
Maggie is nearby!
Maggie is nearby!
Maggie is nearby!
Aim: Maggie, wielding a +0 glaive of flaming, wearing +0 swamp dragon scales and carrying a wand of roots (13) (asleep, 100% to hit)
The magic dart hits Maggie but does no damage.
Maggie zaps a wand.
The roots erupt in riotous growth!
The grasping roots grab you! The grasping roots constrict you.
You hear a shout!
Aim: Maggie, wielding a +0 glaive of flaming, wearing +0 swamp dragon scales and carrying a wand of roots (12) (100% to hit)
The magic dart hits Maggie but does no damage.
The grasping roots constrict you.
You can't see any susceptible monsters within range! (Use Z to cast anyway.) Unknown command.
Unknown command.
Aim: Maggie, wielding a +0 glaive of flaming, wearing +0 swamp dragon scales and carrying a wand of roots (12) (100% to hit)
The magic dart hits Maggie but does no damage.
An orc comes into view. It is wielding a +0 mace.
Maggie mumbles some strange words.
Maggie attempts to bespell you!
You are mesmerised by Maggie!
The grasping roots constrict you.
Aim: Maggie, wielding a +0 glaive of flaming, wearing +0 swamp dragon scales and carrying a wand of roots (12) (mesmerising, 100% to hit)
The magic dart hits Maggie but does no damage.
The roots lose their grip on you.
You are no longer entranced.
Aim: Maggie, wielding a +0 glaive of flaming, wearing +0 swamp dragon scales and carrying a wand of roots (12) (83% to hit)
The searing ray hits Maggie. (Press . to maintain the ray.) Maggie gestures at you while chanting.
The bolt of fire hits you!!
The searing ray hits Maggie.
Maggie gestures wildly while chanting.
Maggie attempts to bespell you! You resist with some effort.
The searing ray hits Maggie!
The searing ray hits the orc!
You kill the orc!
The searing ray hits Maggie but does no damage.
You finish channelling your searing ray.
You don't have enough magic to cast this spell.
Unknown command.
Throw: 6 darts (curare) {=f}
Aim: Maggie, wielding a +0 glaive of flaming, wearing +0 swamp dragon scales and carrying a wand of roots (12) (moderately wounded, 60% to hit)
You throw a curare-tipped dart {=f}.
The curare-tipped dart {=f} closely misses Maggie.
Throw: 5 darts (curare) {=f}
Aim: Maggie, wielding a +0 glaive of flaming, wearing +0 swamp dragon scales and carrying a wand of roots (12) (moderately wounded, 60% to hit)
You throw a curare-tipped dart {=f}.
The curare-tipped dart {=f} hits Maggie.
Maggie hits you from afar with a +0 glaive of flaming.
Maggie burns you.
Throw: 4 darts (curare) {=f}
Aim: Maggie, wielding a +0 glaive of flaming, wearing +0 swamp dragon scales and carrying a wand of roots (12) (moderately wounded, 60% to hit)
You throw a curare-tipped dart {=f}.
The curare-tipped dart {=f} closely misses Maggie.
Maggie mumbles some strange words.
Maggie attempts to bespell you! You resist with almost no effort.
Throw: 3 darts (curare) {=f}
Aim: Maggie, wielding a +0 glaive of flaming, wearing +0 swamp dragon scales and carrying a wand of roots (12) (moderately wounded, 60% to hit)
You throw a curare-tipped dart {=f}.
The curare-tipped dart {=f} closely misses Maggie.
Maggie casts a spell.
Maggie attempts to bespell you! You resist with almost no effort.
Throw: 2 darts (curare) {=f}
Aim: Maggie, wielding a +0 glaive of flaming, wearing +0 swamp dragon scales and carrying a wand of roots (12) (moderately wounded, 60% to hit)
You throw a curare-tipped dart {=f}.
The curare-tipped dart {=f} hits Maggie.
Maggie gestures at you while chanting. The bolt of fire hits you!!
* * * LOW HITPOINT WARNING * * *
Throw: dart (curare) {=f}
Aim: Maggie, wielding a +0 glaive of flaming, wearing +0 swamp dragon scales and carrying a wand of roots (12) (moderately wounded, 60% to hit)
You throw a curare-tipped dart {=f}.
The curare-tipped dart {=f} hits Maggie.
Maggie hits you from afar with a +0 glaive of flaming.
* * * LOW HITPOINT WARNING * * *
Maggie burns you.
* * * LOW HITPOINT WARNING * * *
You feel better.
Maggie casts a spell.
Maggie attempts to bespell you! You resist with almost no effort.
Okay, then.
Okay, then.
Maggie hits you from afar with a +0 glaive of flaming!
You die...

##........ ♣.P.
#....♣♣... ♣...
##.†..P♣ .⌠.⌠
#.....♣♣
##.....♣P
##......P# .
#.......P#
....##.......P#
.....(@.@.....PP
.####..........P
#.........#...
#.......####..
#.......## .# #
#.......# ...#
#.......# ....
......... .###


You could see Maggie.

Vanquished Creatures
  Prince Ribbit (D:5)
  Sigmund (D:4)
  Menkaure (D:4)
  A black bear (D:6)
  An orc warrior (D:6)
  A sky beast (D:6)
  An ogre (D:3)
  A kobold brigand (D:6)
  A phantom (D:3)
  4 scorpions
  Blork the orc (D:4)
  2 jellies (D:6)
  3 hounds
  2 orc priests
  3 orc wizards
  Jessica (D:2)
  Ijyb (D:4)
  2 iguanas (D:6)
  Natasha (thrice) (D:2)
  3 gnolls (D:5)
  6 river rats (Sewer)
  11 adders
  2 ufetubi
  4 worms
  2 dart slugs
  23 orcs
  9 ball pythons
  4 bats (D:1)
  9 endoplasms
  6 giant cockroaches
  6 goblins
  5 hobgoblins
  4 jackals
  15 kobolds
  3 quokkas
  8 frilled lizards
  10 rats
161 creatures vanquished.

Vanquished Creatures (others)
  A fulminant prism (D:6)
  5 fungi (D:5)
  5 plants (Sewer)
11 creatures vanquished.

Grand Total: 172 creatures vanquished

Notes
Turn   | Place    | Note
-------+----------+-------------------------------------------
     0 | D:1      | domi the Demonspawn Conjurer began the quest for the Orb.
     0 | D:1      | Reached XP level 1. HP: 13/13 MP: 3/3
   225 | D:1      | HP: 2/13 [dart slug/slug dart (5)]
   230 | D:1      | Gained mutation: You regenerate magic rapidly. [demonic
                  | ancestry]
   230 | D:1      | Reached XP level 2. HP: 3/19 MP: 0/5
   827 | D:1      | Learned a level 2 spell: Searing Ray
   863 | D:1      | Reached skill level 5 in Conjurations
   863 | D:1      | Reached XP level 3. HP: 19/24 MP: 0/6
  1052 | D:2      | Reached XP level 4. HP: 30/30 MP: 4/7
  1249 | D:2      | Noticed Natasha
  1254 | D:2      | Killed Natasha
  1298 | D:2      | Reached skill level 6 in Conjurations
  1487 | D:2      | Noticed Natasha
  1490 | D:2      | Killed Natasha
  1491 | D:2      | Gained mutation: You are partially covered in razor-sharp
                  | scales. (AC +1, Slay +1) [demonic ancestry]
  1491 | D:2      | Reached XP level 5. HP: 35/35 MP: 4/8
  1782 | D:2      | Noticed Natasha
  1790 | D:2      | Killed Natasha
  1862 | D:2      | Learned a level 4 spell: Iskenderun's Mystic Blast
  2066 | D:2      | Noticed Jessica
  2069 | D:2      | Killed Jessica
  2231 | D:3      | Noticed an ogre
  2236 | D:3      | Killed an ogre
  2237 | D:3      | Reached skill level 1 in Shields
  2237 | D:3      | Reached skill level 7 in Conjurations
  2237 | D:3      | Gained mutation: You have sharp fingernails. [demonic
                  | ancestry]
  2237 | D:3      | Reached XP level 6. HP: 41/41 MP: 4/9
  2518 | D:3      | Found a sparkling altar of Nemelex Xobeh.
  2830 | D:3      | Found a radiant altar of Vehumet.
  2842 | D:3      | Found a sacrificial altar of Ru.
  2857 | D:3      | Found a burning altar of Makhleb.
  2894 | D:4      | Noticed Blork the orc
  3078 | D:3      | Reached skill level 2 in Shields
  3153 | D:4      | Found an ornate altar of the Wu Jian Council.
  3176 | D:4      | Noticed Menkaure
  3180 | D:4      | Killed Menkaure
  3181 | D:4      | Reached skill level 3 in Shields
  3181 | D:4      | Gained mutation: When hurt, damage is shared between your
                  | health and your magic reserves. [demonic ancestry]
  3181 | D:4      | Reached XP level 7. HP: 25/46 MP: 4/10
  3271 | D:4      | Found Weogen's Magic Scroll Shoppe.
  3339 | D:4      | Noticed Sigmund
  3344 | D:4      | Killed Blork the orc
  3349 | D:4      | Killed Sigmund
  3350 | D:4      | Reached skill level 4 in Shields
  3350 | D:4      | Reached skill level 8 in Conjurations
  3350 | D:4      | Reached skill level 1 in Translocations
  3521 | D:4      | Reached skill level 2 in Translocations
  3752 | D:4      | Noticed Ijyb
  3761 | D:4      | Killed Ijyb
  3921 | D:5      | Entered Level 5 of the Dungeon
  4141 | D:5      | Reached skill level 3 in Translocations
  4170 | D:5      | Reached XP level 8. HP: 52/52 MP: 4/11
  4264 | D:5      | Found a glowing drain.
  4284 | Sewer    | Entered a sewer
  4342 | Sewer    | Learned a level 4 spell: Fulminant Prism
  4604 | Sewer    | Reached skill level 1 in Hexes
  4726 | Sewer    | Reached skill level 4 in Translocations
  5371 | D:5      | Noticed Prince Ribbit
  5378 | D:5      | Killed Prince Ribbit
  5379 | D:5      | Reached skill level 3 in Hexes
  5612 | D:5      | Found a hazy altar of Hepliaklqana.
  5738 | D:6      | Reached skill level 5 in Translocations
  5868 | D:6      | Reached skill level 4 in Hexes
  6005 | D:6      | Found Abibiys's General Store.
  6195 | D:6      | Reached skill level 6 in Translocations
  6195 | D:6      | Reached XP level 9. HP: 57/57 MP: 4/12
  6285 | D:6      | Reached skill level 5 in Hexes
  6524 | D:6      | Noticed Maggie
  6538 | D:6      | HP: 4/57 [Maggie/bolt of fire (21)]
  6539 | D:6      | HP: 1/57 [Maggie/+0 glaive of flaming (1)]
  6541 | D:6      | Slain by Maggie

Illustrated notes

Levels and vault maps discovered:
D:1:      minmay_arrival_plants_in_alcoves, layout_loops_ring
D:2:      layout_basic, uniq_natasha, uniq_jessica
D:3:      layout_rooms, mainiacjoe_overflow_24_doors,
          grunt_temple_overflow_diamond
D:4:      layout_basic, nicolae_wu_jian_wuxing_cycle, serial_shops, shop,
          uniq_sigmund, uniq_menkaure, uniq_ijyb, uniq_blork_the_orc
D:5:      layout_loops_ring, mainiacjoe_overflow_alcove_4,
          cheibrodos_sewer_entry_bend, uniq_prince_ribbit1
D:6:      layout_cave_pods, serial_shops, nicolae_shop_hallway_plus,
          serial_park, serial_park_gazebo [serial_park_minivault_5x5_4],
          serial_park_square3 [serial_park_minivault_5x5_3],
          serial_park_tiny_pond, serial_park_tiny_1, uniq_maggie

Skill      XL: |  1  2  3  4  5  6  7  8  9 |
---------------+----------------------------+-----
Conjurations   | 5 6 7 8 |  8.0
Shields        | 1 3 4 |  4.0
Translocations | 3 6 |  6.1
Hexes          | 4 5 |  5.1
Dodging        | |  1.7
Stealth        | |  1.7
Spellcasting   | |  2.0

Action                     |  1- 3 |  4- 6 |  7- 9 || total
---------------------------+-------+-------+-------++-------
  Melee: Unarmed           |     6 |       |       ||     6
         Dagger            |       |    12 |    71 ||    83
  Throw: Dart              |       |       |     6 ||     6
   Cast: Magic Dart        |    55 |   124 |   142 ||   321
         Searing Ray       |       |     6 |    19 ||    25
         Iskenderun's Myst |       |     1 |     8 ||     9
         Fulminant Prism   |       |       |     1 ||     1
  Evoke: Wand              |       |       |     1 ||     1
    Use: Potion            |       |     1 |     3 ||     4
         Scroll            |       |       |    11 ||    11
   Stab: Distracted        |       |       |     1 ||     1
 Armour: Robe              |     3 |     9 |    34 ||    46
  Dodge: Dodged            |     5 |    33 |    60 ||    98
  Block: Buckler           |       |     5 |    25 ||    30

Table legend: (Time is in decaauts)
 A = Elapsed time spent in this place.
 B = Non-inter-level travel time spent in this place.
 C = Inter-level travel time spent in this place.
 D = Time resting spent in this place.
 E = Time spent auto-exploring this place.
 F = Levels seen in this place.
 G = Mean time per level.
                   A        B        C        D        E       F      G
               +--------+--------+--------+--------+--------+-----+--------+
         Total |   6680 |   6348 |    332 |   1064 |   4297 |   7 |  954.3 |
       Dungeon |   5808 |   5476 |    332 |   1048 |   3558 |   6 |  968.0 |
         Sewer |    872 |    872 |      0 |     16 |    739 |   1 |  872.0 |
               +--------+--------+--------+--------+--------+-----+--------+

Top non-repeatable levels by time:
     D:2: 1296 daAuts
     D:5: 1007 daAuts
     D:4: 978 daAuts
     D:1: 922 daAuts
   Sewer: 872 daAuts
     D:3: 851 daAuts
     D:6: 752 daAuts

Table legend:
 A = Kills in this place as a percentage of kills in the entire game.
 B = Kills by you in this place as a percentage of kills by you in the entire game.
 C = Kills by friends in this place as a percentage of kills by friends in the entire game.
 D = Other kills in this place as a percentage of other kills in the entire game.
 E = Experience gained in this place as a percentage of experience gained in the entire game.
 F = Experience gained in this place divided by the number of levels of this place that you have seen.
                   A       B       C       D       E      F
               +-------+-------+-------+-------+-------+----------------------
         Total | 100.0 | 100.0 |   N/A |   N/A | 100.0 | 429.7
       Dungeon |  86.3 |  86.3 |   N/A |   N/A |  95.0 | 476.5
         Sewer |  13.7 |  13.7 |   N/A |   N/A |   5.0 | 149.0
               +-------+-------+-------+-------+-------+----------------------
